 Dungeon Crawl Stone Soup version 0.28-a0-938-gbc3f381ebc (webtiles) character file.

Game seed: 1673884676901764199

100 Gargoyl the Skirmisher (level 4, -1/41 HPs)
             Began as a Gnoll Abyssal Knight on Nov 28, 2021.
             Was a Follower of Lugonu.
             Slain by a gnoll (11 damage)
             ... on level 2 of the Dungeon.
             The game lasted 00:03:02 (2952 turns).

Gargoyl the Skirmisher (Gnoll Abyssal Knight)       Turns: 2952, Time: 00:03:03

Health: -1/41      AC:  3    Str: 13    XL:     4   Next: 73%
Magic:  7/7        EV: 11    Int: 10    God:    Lugonu [*.....]
Gold:   111        SH:  0    Dex: 16    Spells: 5/5 levels left

rFire   . . .      SeeInvis +   a - +1 hand axe
rCold   . . .      Faith    .   (no shield)
rNeg    + . .      Spirit   .   h - +0 ring mail
rPois   .          Reflect  .   (no helmet)
rElec   .          Harm     .   (no cloak)
rCorr   .          Rampage  .   (no gloves)
Will    .....      Clarity  +   (no boots)
Stlth   +.........              (no amulet)
HPRegen 0.13/turn               c - ring of see invisible
MPRegen 0.10/turn               f - ring of positive energy

@: no status effects
A: fangs 1, strong nose, distributed training, agile 2, clarity, deformed body
a: Renounce Religion, Depart the Abyss


You were on level 2 of the Dungeon.
You worshipped Lugonu.
Lugonu was aware of your devotion.
You visited 1 branch of the dungeon, and saw 2 of its levels.
You visited the Abyss 1 time.

You collected 111 gold pieces.

Inventory:

Hand Weapons
 a - a +1 hand axe (weapon)
Missiles
 d - 31 poisoned darts (quivered)
Armour
 h - a +0 ring mail (worn)
Jewellery
 b - a ring of protection from cold
 c - a ring of see invisible (left hand)
 f - a ring of positive energy (right hand)
Scrolls
 g - 2 scrolls of identify {unknown}
 i - a scroll of noise {unknown}
 m - a scroll of teleportation {unknown}
Potions
 e - a potion of lignification
 j - a potion of magic {unknown}
 k - 3 potions of flight {unknown}
 l - a potion of haste {unknown}


   Skills:
 + Level 6.6 Fighting
 + Level 1.2 Short Blades
 + Level 1.2 Long Blades
 + Level 4.7 Axes
 + Level 1.2 Maces & Flails
 + Level 1.2 Polearms
 + Level 1.2 Staves
 + Level 1.2 Slings
 + Level 1.2 Bows
 + Level 1.2 Crossbows
 + Level 1.2 Throwing
 + Level 4.7 Armour
 + Level 2.8 Dodging
 + Level 1.2 Stealth
 + Level 1.2 Shields
 + Level 1.2 Unarmed Combat
 + Level 1.2 Spellcasting
 + Level 1.0 Conjurations
 + Level 1.0 Hexes
 + Level 1.0 Summonings
 + Level 1.0 Necromancy
 + Level 1.0 Translocations
 + Level 1.0 Transmutations
 + Level 1.0 Fire Magic
 + Level 1.0 Ice Magic
 + Level 1.0 Air Magic
 + Level 1.0 Earth Magic
 + Level 1.0 Poison Magic
 + Level 4.7 Invocations
 + Level 1.2 Evocations


You had 5 spell levels left.
You didn't know any spells.
Your spell library was empty.

Dungeon Overview and Level Annotations

Branches:
Dungeon (2/15)

Altars:


Innate Abilities, Weirdness & Mutations

You have very sharp teeth.
Your uncanny sense of smell can sniff out nearby items.
Your experience applies equally to all skills.
You are very agile. (Dex +4)
You possess an exceptional clarity of mind.
Armour fits poorly on your strangely shaped body.


Message History

The dart slug barely misses you.
You hit the dart slug.
The dart slug is moderately wounded.
The dart slug bites you but does no damage.
You barely miss the dart slug.
The dart slug is moderately wounded.
The dart slug barely misses you.
You hit the dart slug.
The dart slug is heavily wounded.
You hit the dart slug.
The dart slug is severely wounded.
The dart slug completely misses you.
You hit the dart slug.
You kill the dart slug!
Lugonu accepts your kill.
You see here a dart slug corpse.
There is a stone staircase leading down here.
You now have 111 gold pieces (gained 7).
The gnoll shouts!
A gnoll is nearby!
A gnoll is nearby!
The gnoll hits you from afar with a +0 halberd!
The gnoll hits you with a +0 halberd!
You slash the gnoll!
The gnoll is heavily wounded.
The gnoll barely misses you.
You closely miss the gnoll. You bite the gnoll.
The gnoll is severely wounded.
The gnoll closely misses you.
You closely miss the gnoll. Your bite misses the gnoll.
The gnoll is severely wounded.
The gnoll hits you with a +0 halberd!
* * * LOW HITPOINT WARNING * * *
You closely miss the gnoll.
The gnoll is severely wounded.
The gnoll misses you.
You closely miss the gnoll.
The gnoll is severely wounded.
The gnoll hits you with a +0 halberd!
You die...

##..........##..........#.##.
...........................#
######...........##.#....#.#
#####...........##.#......
#...............##.#....##
##...............##.#....#
...............#.##.##...######.
...............#.##...<.........
...............#@####..#.######
..).....###'#.##g#.......#
........# #.#.##.#.###.###
..####### #...##.#)###.# ..#
##..##.#..##.# ..# #..##.#..##.#
..# #..##.#..##.# ###
##.##.#..##.# #.##.##.##.#######


You could see a gnoll.

Vanquished Creatures
  2 gnolls (D:1)
  4 adders (D:2)
  4 dart slugs
  An endoplasm (D:2)
  A giant cockroach (D:2)
  3 goblins
  5 hobgoblins
  A quokka (D:1)
  5 ball pythons
  2 bats
  4 frilled lizards
  2 kobolds
  8 rats
42 creatures vanquished.

Notes
Turn   | Place    | Note
-------+----------+-------------------------------------------
     0 | Abyss:1  | Gargoyl the Gnoll Abyssal Knight began the quest for the
                  | Orb.
     0 | Abyss:1  | Reached XP level 1. HP: 23/23 MP: 3/3
    64 | Abyss:1  | Noticed a great orb of eyes
    78 | D:1      | Escaped the Abyss
    79 | D:1      | Gained mutation: You possess an exceptional clarity of
                  | mind. [potion of mutation]
    79 | D:1      | Gained mutation: Armour fits poorly on your strangely
                  | shaped body. [potion of mutation]
    79 | D:1      | Gained mutation: You are agile. (Dex +2) [potion of
                  | mutation]
    79 | D:1      | Gained mutation: You are very agile. (Dex +4) [potion of
                  | mutation]
   124 | D:1      | Found a faded altar of an unknown god.
   282 | D:1      | Reached XP level 2. HP: 24/29 MP: 5/5
   370 | D:1      | Reached * piety under Lugonu
   810 | D:2      | HP: 2/43 [poisoned by an adder]
   820 | D:2      | Reached XP level 3. HP: 8/35 MP: 6/6
  1466 | D:2      | Reached skill level 1 in Short Blades
  1466 | D:2      | Reached skill level 1 in Long Blades
  1466 | D:2      | Reached skill level 1 in Maces & Flails
  1466 | D:2      | Reached skill level 1 in Polearms
  1466 | D:2      | Reached skill level 1 in Staves
  1466 | D:2      | Reached skill level 1 in Slings
  1466 | D:2      | Reached skill level 1 in Bows
  1466 | D:2      | Reached skill level 1 in Crossbows
  1466 | D:2      | Reached skill level 1 in Throwing
  1466 | D:2      | Reached skill level 1 in Stealth
  1466 | D:2      | Reached skill level 1 in Shields
  1466 | D:2      | Reached skill level 1 in Unarmed Combat
  1466 | D:2      | Reached skill level 1 in Spellcasting
  1466 | D:2      | Reached skill level 1 in Evocations
  1525 | D:2      | Reached XP level 4. HP: 9/41 MP: 7/7
  2427 | D:1      | Reached skill level 1 in Conjurations
  2427 | D:1      | Reached skill level 1 in Hexes
  2427 | D:1      | Reached skill level 1 in Summonings
  2427 | D:1      | Reached skill level 1 in Necromancy
  2427 | D:1      | Reached skill level 1 in Translocations
  2427 | D:1      | Reached skill level 1 in Transmutations
  2427 | D:1      | Reached skill level 1 in Fire Magic
  2427 | D:1      | Reached skill level 1 in Ice Magic
  2427 | D:1      | Reached skill level 1 in Air Magic
  2427 | D:1      | Reached skill level 1 in Earth Magic
  2427 | D:1      | Reached skill level 1 in Poison Magic
  2952 | D:2      | Slain by a gnoll

Illustrated notes

Levels and vault maps discovered:
D:1:      scummos_arrival_checkerplants, layout_loops_ring,
          hellmonk_ecumenical_altar_blasted
D:2:      layout_basic, minmay_between

Skill      XL: |  1  2  3  4 |
---------------+-------------+-----
Short Blades   | 1 |  1.2
Long Blades    | 1 |  1.2
Maces & Flails | 1 |  1.2
Polearms       | 1 |  1.2
Staves         | 1 |  1.2
Slings         | 1 |  1.2
Bows           | 1 |  1.2
Crossbows      | 1 |  1.2
Throwing       | 1 |  1.2
Stealth        | 1 |  1.2
Shields        | 1 |  1.2
Unarmed Combat | 1 |  1.2
Spellcasting   | 1 |  1.2
Evocations     | 1 |  1.2
Conjurations   | 1 |  1.0
Hexes          | 1 |  1.0
Summonings     | 1 |  1.0
Necromancy     | 1 |  1.0
Translocations | 1 |  1.0
Transmutations | 1 |  1.0
Fire Magic     | 1 |  1.0
Ice Magic      | 1 |  1.0
Air Magic      | 1 |  1.0
Earth Magic    | 1 |  1.0
Poison Magic   | 1 |  1.0
Fighting       | |  6.6
Axes           | |  4.7
Armour         | |  4.7
Dodging        | |  2.8
Invocations    | |  4.7

Action                   |  1- 3 |  4- 6 || total
-------------------------+-------+-------++-------
Melee: Hand axe          |    73 |    53 ||   126
       Bite              |     9 |     8 ||    17
       Punch             |     1 |       ||     1
Throw: Dart              |     5 |       ||     5
Invok: Depart the Abyss  |     1 |       ||     1
  Use: Potion            |     3 |       ||     3
 Stab: Sleeping          |     3 |       ||     3
Armor: Leather armour    |    11 |       ||    11
       Skin              |    10 |       ||    10
       Ring mail         |     3 |    22 ||    25
Dodge: Dodged            |    46 |    38 ||    84

Table legend: (Time is in decaauts)
 A = Elapsed time spent in this place.
 B = Non-inter-level travel time spent in this place.
 C = Inter-level travel time spent in this place.
 D = Time resting spent in this place.
 E = Time spent auto-exploring this place.
 F = Levels seen in this place.
 G = Mean time per level.
                   A        B        C        D        E       F      G
               +--------+--------+--------+--------+--------+-----+--------+
         Total |   2964 |   2832 |    132 |   1199 |   1185 |   3 |  988.0 |
       Dungeon |   2886 |   2754 |    132 |   1199 |   1123 |   2 | 1443.0 |
         Abyss |     78 |     78 |      0 |      0 |     62 |   1 |   78.0 |
               +--------+--------+--------+--------+--------+-----+--------+

Top non-repeatable levels by time:
     D:2: 1614 daAuts
     D:1: 1271 daAuts
 Abyss:1: 78 daAuts
